 Dungeon Crawl Stone Soup version 0.32-a0-290-g598725c5f2 (webtiles) character file.

Game seed: 1544690104251059478

27 Newt the Shooter (level 3, -2/22 HPs)
             Began as a Kobold Hunter on Feb 13, 2024.
             Slain by a ribbon worm (6 damage)
             ... on level 2 of the Dungeon.
             The game lasted 00:00:37 (724 turns).

Newt the Shooter (Kobold Hunter)                     Turns: 724, Time: 00:00:38

Health: -2/22      AC:  4    Str:  8    XL:     3   Next: 25%
Magic:  3/3        EV: 11    Int: 10    God:
Gold:   0          SH:  0    Dex: 20    Spells: 2/2 levels left

rFire   . . .        a - +0 shortbow
rCold   . . .        (shield currently unavailable)
rNeg    . . .        c - +0 leather armour
rPois   .            h - +1 hat
rElec   .            (no cloak)
rCorr   .            (no gloves)
SInv    .            (no boots)
Will    .....        (no amulet)
Stlth   +++          (no ring)
HPRegen 0.23/turn    (no ring)
MPRegen 0.08/turn

%: no passive effects
@: constricted
A: small, no large weapons, nightstalker 3
a: no special abilities


You were on level 2 of the Dungeon.
You visited 1 branch of the dungeon, and saw 2 of its levels.

Inventory:

Hand Weapons
 a - a +0 shortbow (weapon)
Armour
 c - a +0 leather armour (worn)
 h - a +1 hat (worn)
Jewellery
 g - a ring of magical power
Scrolls
 b - a scroll of butterflies
 e - a scroll of enchant armour {unknown}
 f - a scroll of brand weapon {unknown}
 i - a scroll of identify {unknown}
Potions
 d - a potion of curing {unknown}


   Skills:
 + Level 2.8 Fighting
 * Level 6.2 Ranged Weapons
 - Level 2.4 Dodging
 - Level 1.3 Stealth


You had 2 spell levels left.
You didn't know any spells.
Your spell library contained the following spells:

 Spells                   Type           Power      Damage    Failure   Level
 Dazzling Flash           Conj/Hex       0%         N/A       86%         3
 Mephitic Cloud           Conj/Alch/Air  0%         N/A       86%         3
 Curse of Agony           Necr           0%         N/A       100%        5
 Silence                  Hex/Air        0%         N/A       100%        5


Dungeon Overview and Level Annotations

Branches:
Dungeon (2/15)

Altars:


Innate Abilities, Weirdness & Mutations

You are small and have problems with some larger weapons.
You are completely attuned to the shadows.


Message History

The ribbon worm expels a string of sticky webbing.
The stream of webbing hits you but does no damage.
You are caught in a web!
The web tears apart.
The ribbon worm bites you but does no damage.
You shoot an arrow. The arrow hits the ribbon worm.
The ribbon worm is moderately wounded.
The ribbon worm closely misses you.
You shoot an arrow.
The arrow barely misses the ribbon worm.
The ribbon worm bites you.
You shoot an arrow.
The arrow hits the ribbon worm but does no damage.
The ribbon worm is moderately wounded.
The ribbon worm bites you.
You shoot an arrow.
The arrow barely misses the ribbon worm.
The ribbon worm misses you.
You shoot an arrow.
The arrow hits the ribbon worm but does no damage.
The ribbon worm is lightly wounded.
You hear an angry hiss.
The ribbon worm expels a string of sticky webbing.
The stream of webbing hits you but does no damage.
You are caught in a web!
A ball python comes into view.
The web tears apart.
Unknown command.
You shoot an arrow.
The arrow barely misses the ribbon worm.
The ribbon worm bites you!
* * * LOW HITPOINT WARNING * * *
Unknown command.
You shoot an arrow.
The arrow barely misses the ribbon worm.
The ball python bites you but does no damage.
The ball python grabs you. The ball python constricts you.
* * * LOW HITPOINT WARNING * * *
The ribbon worm bites you.
You die...

.. ### #
.....#.#
...#.#.#. ...
#...wS.). #.#
##@## #.#
#..[#.. ##.#
#...#.# #.<#
#...#.# #.##
#.##.##.# #.#
#.......#######
#.#
####.#........#
#.#
#...######.#
#<# #####
#.####.#


You could see a ribbon worm (catching breath) and a ball python.

Vanquished Creatures
  A dart slug (D:1)
  An endoplasm (D:2)
  2 goblins (D:1)
  A hobgoblin (D:1)
  4 kobolds (D:1)
  3 ball pythons (D:1)
  A frilled lizard (D:1)
  A rat (D:1)
14 creatures vanquished.

Notes
Turn   | Place    | Note
-------+----------+-------------------------------------------
     0 | D:1      | Newt the Kobold Hunter began the quest for the Orb.
     0 | D:1      | Reached XP level 1. HP: 12/12 MP: 1/1
   202 | D:1      | Reached XP level 2. HP: 18/18 MP: 2/2
   416 | D:1      | Reached skill level 6 in Ranged Weapons
   417 | D:1      | Reached XP level 3. HP: 22/22 MP: 3/3
   724 | D:2      | Slain by a ribbon worm

Illustrated notes

Levels and vault maps discovered:
D:1:      spicycebolla_arrival_ecumenical, layout_loops_ring
D:2:      layout_loops_cross

Skill      XL: |  1  2 |
---------------+-------+-----
Ranged Weapons | 6 |  6.2
Fighting       | |  2.8
Dodging        | |  2.4
Stealth        | |  1.3

Action                     || total
---------------------------++-------
   Fire: Shortbow          ||    42
 Armour: Leather armour    ||    10
  Dodge: Dodged            ||     8

Table legend: (Time is in decaauts)
 A = Elapsed time spent in this place.
 B = Non-inter-level travel time spent in this place.
 C = Inter-level travel time spent in this place.
 D = Time resting spent in this place.
 E = Time spent auto-exploring this place.
 F = Levels seen in this place.
 G = Mean time per level.
                   A        B        C        D        E       F      G
               +--------+--------+--------+--------+--------+-----+--------+
         Total |    730 |    674 |     56 |      0 |    579 |   2 |  365.0 |
       Dungeon |    730 |    674 |     56 |      0 |    579 |   2 |  365.0 |
               +--------+--------+--------+--------+--------+-----+--------+

Top non-repeatable levels by time:
     D:1: 681 daAuts
     D:2: 49 daAuts
